 Dungeon Sprint DCSS version 0.23-a0-899-gbbae0a3 (webtiles) character file.

Game seed: 1684693728794112251

14814 jerryfan the Fetichist (level 11, -24/115 HPs)
             Began as a Deep Dwarf Fighter on Jan 29, 2019.
             Was the Champion of Okawaru.
             Killed from afar by a lich (70 damage)
             ... with an iron shot
             ... in the Dungeon (Sprint V: "Ziggurat Sprint").
             The game lasted 00:22:24 (800 turns).

jerryfan the Fetichist (Deep Dwarf Fighter)          Turns: 800, Time: 00:22:25

Health: -24/115    AC: 31    Str: 41    XL:     11   Next: 93%
Magic:  17/20      EV:  3    Int:  6    God:    Okawaru [******]
Gold:   0          SH: 32    Dex: 12    Spells: 10/10 levels left

rFire    + . .     SeeInvis .   x - +5 broad axe (freeze)
rCold    + + .     Gourm    .   B - +18 shield of the Gong {rElec rN+ MR+ EV-5}
rNeg     + + +     Faith    .   A - +15 Maxwell's patent armour {-Cast -Tele rElec MR+ rCorr}
rPois    .         Spirit   .   (no helmet)
rElec    +         Reflect  .   P - scarf {rC+ rF+}
rCorr    +         Harm     .   (no gloves)
MR       +++..     NoTele   +   (no boots) Stlth ..........NoCast +
                                Y - amulet "Panel" {rElec rC+ rN++ Regen+ Int-2}
HPRegen  0.00/turn              G - +6 ring of strength
MPRegen  0.17/turn              H - +6 ring of strength

@: mighty, finesse, non-regenerating
A: damage resistance, heal wounds, sense surroundings 2, no regeneration
a: Heal Wounds, Heroism, Finesse, Renounce Religion


You were in the Dungeon.
You worshipped Okawaru.
Okawaru was exalted by your worship.
You were not hungry.

You visited 1 branch

Inventory:

Hand Weapons
 a - a +0 war axe
 c - the +7 Singing Sword {slice, sonic wave}
   (You found it in the Dungeon)

   It inflicts extra damage upon your enemies.
 w - a +5 battleaxe
 x - a +5 broad axe of freezing (weapon)
 y - a +5 executioner's axe
 z - the cursed +14 obsidian axe {chop, +Fly SInv *Curse}
   (You found it in the Dungeon)

   It inflicts extra damage upon your enemies.
   It lets you see invisible.
   It lets you fly.
   It curses itself when equipped.
   It has a curse placed upon it.
 Q - the +10 mace of Voyce {freeze, Stlth+}
   (You found it in the Dungeon)

   It has been specially enchanted to freeze those struck by it, causing extra
   injury to most foes and up to half again as much damage against particularly
   susceptible opponents.
   It can also slow down cold-blooded creatures.
   It makes you more stealthy.
 U - the +5 spear "Ogrebane" {pierce, rF+ Int+7 Dex+4}
   (You found it in the Dungeon)

   It inflicts extra damage upon your enemies.
   It affects your intelligence (+7).
   It affects your dexterity (+4).
   It protects you from fire.
Missiles
 S - 8 silver javelins (quivered)
Armour
 A - the +15 Maxwell's patent armour (worn) {-Cast -Tele rElec MR+ rCorr}
   (You found it in the Dungeon)

   It insulates you from electricity.
   It affects your resistance to hostile enchantments.
   It prevents spellcasting.
   It prevents most forms of teleportation.
   It provides partial protection from all sources of acid and corrosion.
 B - the +18 shield of the Gong (worn) {rElec rN+ MR+ EV-5}
   (You found it in the Dungeon)

   It affects your evasion (-5).
   It insulates you from electricity.
   It protects you from negative energy.
   It affects your resistance to hostile enchantments.
 P - a scarf of resistance (worn)
Jewellery
 b - a +4 ring of dexterity
 o - an uncursed ring of fire
 D - a +6 ring of dexterity
 E - a +6 ring of intelligence
 G - a +6 ring of strength (left hand)
 H - a +6 ring of strength (right hand)
 M - an uncursed ring of flight
 N - an uncursed ring of protection from magic
 W - an uncursed ring of protection from cold
 X - an uncursed ring of protection from cold
 Y - the amulet "Panel" (around neck) {rElec rC+ rN++ Regen+ Int-2}
   (You found it in the Dungeon)

   [amulet of regeneration]

   It affects your intelligence (-2).
   It protects you from cold.
   It insulates you from electricity.
   It greatly protects you from negative energy.
   It increases your rate of regeneration.
 Z - the ring of the Empire {rF++ Str-4 Stlth+}
   (You found it in the Dungeon)

   [ring of stealth]

   It affects your strength (-4).
   It greatly protects you from fire.
   It makes you more stealthy.
Wands
 I - a wand of disintegration (3)
 J - a wand of iceblast (2)
 K - a wand of acid (1)
Scrolls
 k - 4 scrolls of blinking
 q - 4 scrolls of amnesia
 r - 7 scrolls of fog
 s - a scroll of holy word
 t - 3 scrolls of identify
 u - 5 scrolls of remove curse
 v - 2 scrolls of fear
Potions
 d - 5 potions of might
 e - 8 potions of curing
 g - 7 potions of heal wounds
 h - 10 potions of haste
 i - 7 potions of magic
 j - 3 potions of berserk rage
 l - 2 potions of brilliance
 m - 2 potions of invisibility
 n - 4 potions of resistance
 p - 5 potions of agility
Miscellaneous
 C - a fan of gales
 L - a lightning rod (4/4)
 R - a phial of floods
Comestibles
 f - 6 rations
 T - 7 chunks of flesh


   Skills:
 + Level 12.5 Fighting
 + Level 14.4 Axes
 + Level 14.5 Armour
 + Level 11.4 Shields
 - Level 15.4 Invocations
 * Level 15.6 Evocations


You had 10 spell levels left.
You didn't know any spells.
Your spell library contained the following spells:

 Spells                   Type           Power        Failure   Level  Hunger
 Animate Skeleton         Necr           N/A          96%         1    ##.....
 Confusing Touch          Hex            #.....       96%         1    ##.....
 Shock                    Conj/Air       #...         96%         1    ##.....
 Summon Butterflies       Summ           #.......     96%         1    ##.....
 Poisonous Vapours        Pois/Air       #.....       99%         2    ###....
 Sublimation of Blood     Necr           #.........   99%         2    ###....
 Throw Frost              Conj/Ice       #.....       99%         2    ###....
 Confuse                  Hex            #.......     100%        3    ####...
 Conjure Flame            Conj/Fire      #.......     100%        3    ####...
 Gell's Gravitas          Tloc           #.........   100%        3    ####...
 Mephitic Cloud           Conj/Pois/Air  #.......     100%        3    ####...
 Petrify                  Tmut/Erth      #.......     100%        4    #####..
 Sticky Flame             Conj/Fire      #.......     100%        4    #####..
 Summon Lightning Spire   Summ/Air       #.......     100%        4    #####..
 Bolt of Draining         Conj/Necr      #.........   100%        5    ######.
 Dispel Undead            Necr           #.......     100%        5    ######.
 Metabolic Englaciation   Hex/Ice        #.........   100%        5    ######.
 Yara's Violent Unravell  Hex/Tmut       #.........   100%        5    ######.
 Bolt of Fire             Conj/Fire      #.........   100%        6    #######
 Freezing Cloud           Conj/Ice/Air   #.........   100%        6    #######
 Shadow Creatures         Summ           N/A          100%        6    #######
 Malign Gateway           Summ/Tloc      #.........   100%        7    #######
 Monstrous Menagerie      Summ           #.........   100%        7    #######
 Ring of Flames           Chrm/Fire      #.........   100%        7    #######
 Summon Greater Demon     Summ           #.........   100%        7    #######
 Summon Horrible Things   Summ           #.........   100%        8    #######


Dungeon Overview and Level Annotations

Branches:
Dungeon (1/1)

Altars:
Ashenzari
Cheibriados
Dithmenos
Elyvilon
Fedhas
Gozag
Hepliaklqana
Kikubaaqudgha
Makhleb
Nemelex Xobeh
Okawaru
Qazlal
Ru
Sif Muna
Trog
Uskayaw
Vehumet
Wu Jian
Xom
Yredelemnul
Zin
The Shining One
Beogh
Jiyva
Lugonu


Innate Abilities, Weirdness & Mutations

You are resistant to damage.
You can heal yourself by infusing magical energy.
You passively map the area around you.
You do not regenerate.


Message History

PANG!
Unknown command.
You closely miss the lich.
The lich is severely damaged.
You closely miss the skeletal warrior. You slash the ghoul!
You freeze the ghoul. You block the ghoul's attack.
BOUMMMMG!
You block the ghoul's attack.
GONNNNG!
Unknown command.
Your Maxwell's patent armour prevents you from hitting the lich.
The lich is severely damaged.
You slash the skeletal warrior! You freeze the skeletal warrior.
You destroy the skeletal warrior!
Okawaru accepts your kill.
You slash the ghoul! You freeze the ghoul. The lich casts a spell at you.
The iron shot hits you!!!!
Ouch! That really hurt!
You die...

, , , , , ,▓...8©8...▓ *
▓...........▓..).[[)..▓ ,
, ▓...........▓...[.....▓
, , ,
▓...........▓.........▓ ,
,
,*...........▓.........▓
,,
,▓...........▓.........▓
, ,, ,
▓..▓.....▓..▓.........▓
,, ,
▓....L)n....▓.....†...▓
,,▓....†@[....▓...†©....▓
,
,,▓▓▓▓▓▓▓▓▓▓▓▓▓▓▓▓▓▓▓▓▓▓▓
,,
,▓...8©8...▓...8©8...▓..
, ,
▓..)}:[?=.▓...[).}..▓..
,,
▓..):4})..▓..)|.||..▓.. ,
, ▓...4M....▓.........▓..
,,,,
▓.%....≈..▓.........▓.. *
▓.......E≈▓.........▓..
8▓.......≈.▓.........▓..


You could see a ghoul and a lich.

Vanquished Creatures
  A very ugly thing (D)
  A mummy priest (D)
  A death scarab (D)
  A vampire mage (D)
  A skeletal warrior (D)
  A large abomination (D)
  A deep elf archer (D)
  6 ugly things (D)
  An orb spider (shapeshifter) (D)
  2 wolf spiders (D)
  2 deep elf magi (D)
  2 shining eyes (D)
  A black mamba (shapeshifter) (D)
  An eye of devastation (D)
  A queen bee (shapeshifter) (D)
  A jumping spider (D)
  3 hornets (D)
  A blink frog (shapeshifter) (D)
  2 shadows (D)
  2 redbacks (D)
  3 spriggans (D)
  A flying skull (D)
  An ushabti (D)
  A small abomination (D)
  A tarantella (D)
  A fire elemental (D)
  A soldier ant (shapeshifter) (D)
  A black bear (shapeshifter) (D)
  3 necrophages (D)
  3 black bears (D)
  A phantom (D)
  An eye of draining (D)
  3 scorpions (D)
  A crimson imp (D)
  A quasit (D)
  2 jellies (D)
  An iron imp (D)
  3 river rats (D)
  3 white imps (D)
  An ufetubus (D)
  An ooze (D)
  An adder skeleton (D)
  3 bat skeletons (D)
  3 bat zombies (D)
  A ball python zombie (D)
  A bat simulacrum (D)
  A giant cockroach zombie (D)
  A jackal zombie (D)
  A leopard gecko skeleton (D)
  3 leopard gecko zombies (D)
81 creatures vanquished.

Vanquished Creatures (collateral kills)
  An iron golem (D)
  A shadow (D)
  An ushabti (D)
  A wight (D)
  A quokka skeleton (D)
5 creatures vanquished.

Vanquished Creatures (others)
  An adder zombie (D)
1 creature vanquished.

Grand Total: 87 creatures vanquished

Notes
Turn   | Place    | Note
-------+----------+-------------------------------------------
     0 | D        | Found the +6 Majin-Bo {vamp, Archmagi MP+6 Int+6}
     0 | D        | Found the +7 great mace "Firestarter" {inner flame, rF++}
     0 | D        | jerryfan the Deep Dwarf Fighter began the quest for the
                  | Orb.
     0 | D        | Reached XP level 1. HP: 20/20 MP: 1/1
     0 | D        | Found a deep blue altar of Sif Muna.
     0 | D        | Found a sacrificial altar of Ru.
     0 | D        | Found a bloodstained altar of Trog.
     0 | D        | Found a stormy altar of Qazlal.
     0 | D        | Found an iron altar of Okawaru.
     0 | D        | Found a sparkling altar of Nemelex Xobeh.
     0 | D        | Found a blossoming altar of Fedhas.
     2 | D        | Found a transporter.
     2 | D        | Found an ancient bone altar of Kikubaaqudgha.
     2 | D        | Found a viscous altar of Jiyva.
     2 | D        | Found a corrupted altar of Lugonu.
     2 | D        | Found a hazy altar of Hepliaklqana.
     2 | D        | Found a burning altar of Makhleb.
     2 | D        | Found an opulent altar of Gozag.
    29 | D        | Found the +9 heavy crossbow "Sniper" {velocity, Acc+∞ SInv}
    29 | D        | Found the +10 dark maul {crush}
    29 | D        | Found the +15 Maxwell's patent armour {-Cast -Tele rElec
                  | MR+ rCorr}
    29 | D        | Found the +18 shield of the Gong {rElec rN+ MR+ EV-5}
    29 | D        | Found the cursed +14 obsidian axe {chop, +Fly SInv *Curse}
    30 | D        | Found the +6 shillelagh "Devastator" {shatter}
    30 | D        | Found the +11 plutonium sword {*Contam Stlth-}
    30 | D        | Found the +8 lance "Wyrmbane" {slay drac, rPois rF+ rC+
                  | AC+3}
    30 | D        | Found the +9 sword of Zonguldrok {reap}
    30 | D        | Found the cursed +13 scythe of Curses {drain, *Curse}
    30 | D        | Found the +0 sword of Power
    30 | D        | Found the +7 mace of Variability {chain chaos}
    30 | D        | Found the +7 Singing Sword {slice, sonic wave}
    30 | D        | Found the +7 longbow "Piercer" {penet, EV-2}
   102 | D        | Became a worshipper of Warmaster Okawaru
   115 | D        | Reached XP level 2. HP: 27/27 MP: 1/7
   119 | D        | Entered arena 2.
   119 | D        | Noticed a necrophage
   119 | D        | Noticed a phantom
   119 | D        | Found a transporter.
   123 | D        | Killed a necrophage
   123 | D        | Reached skill level 5 in Armour
   123 | D        | Reached skill level 10 in Invocations
   123 | D        | Reached XP level 3. HP: 36/36 MP: 1/9
   123 | D        | Reached XP level 4. HP: 44/44 MP: 1/11
   135 | D        | Killed a phantom
   135 | D        | Reached * piety under Okawaru
   135 | D        | Reached skill level 5 in Fighting
   135 | D        | Reached skill level 5 in Axes
   135 | D        | Reached XP level 5. HP: 52/52 MP: 3/13
   137 | D        | Got the Handbook of the Ghastly Birds
   142 | D        | Entered arena 3.
   142 | D        | Found a transporter.
   207 | D        | Entered arena 4.
   207 | D        | Noticed a green ugly thing
   207 | D        | Noticed a blink frog
   207 | D        | Noticed a white ugly thing
   207 | D        | Noticed a blink frog
   207 | D        | a big kobold changed into a blink frog
   207 | D        | Found a transporter.
   216 | D        | Noticed a queen bee
   216 | D        | a blink frog changed into a queen bee
   221 | D        | Noticed an orb spider
   221 | D        | a blink frog changed into an orb spider
   223 | D        | Killed a green ugly thing
   223 | D        | Reached ** piety under Okawaru
   223 | D        | Reached XP level 6. HP: 57/66 MP: 15/15
   223 | D        | Reached XP level 7. HP: 62/72 MP: 16/16
   227 | D        | Killed a red ugly thing
   227 | D        | Reached *** piety under Okawaru
   227 | D        | Reached **** piety under Okawaru
   227 | D        | Reached XP level 8. HP: 70/81 MP: 16/18
   227 | D        | Killed an orb spider
   227 | D        | Reached skill level 10 in Axes
   227 | D        | Reached skill level 10 in Armour
   235 | D        | Killed a queen bee
   252 | D        | Entered arena 5.
   252 | D        | Found a transporter.
   269 | D        | Got the +10 mace of Voyce {freeze, Stlth+}
   380 | D        | Entered arena 6.
   380 | D        | Noticed a deep elf mage
   380 | D        | Noticed a deep elf archer
   380 | D        | Noticed a blink frog
   380 | D        | Noticed a deep elf mage
   380 | D        | Found a transporter.
   383 | D        | Noticed a soul eater
   385 | D        | Killed a blink frog
   390 | D        | Noticed a demonic crawler
   390 | D        | Gained mutation: You passively map the area around you.
                  | [Deep Dwarf growth]
   390 | D        | Reached XP level 9. HP: 70/91 MP: 20/20
   394 | D        | Killed a deep elf mage
   394 | D        | Reached ***** piety under Okawaru
   394 | D        | Reached skill level 5 in Shields
   394 | D        | Reached skill level 15 in Invocations
   395 | D        | Noticed an orange demon
   396 | D        | Killed a deep elf mage
   416 | D        | Killed a deep elf archer
   416 | D        | Received a gift from Okawaru
   416 | D        | Received a gift from Okawaru
   416 | D        | Reached skill level 10 in Fighting
   434 | D        | Entered arena 7.
   434 | D        | Noticed an eye of devastation
   434 | D        | Noticed a shining eye
   439 | D        | Killed a shining eye
   439 | D        | Reached skill level 5 in Evocations
   442 | D        | Killed an eye of devastation
   442 | D        | Reached XP level 10. HP: 81/103 MP: 1/20
   443 | D        | Found a transporter.
   553 | D        | Entered arena 8.
   553 | D        | Noticed a spriggan rider
   553 | D        | Noticed a spriggan rider
   553 | D        | Noticed a spriggan rider
   560 | D        | Found a transporter.
   581 | D        | Got the +5 spear "Ogrebane" {pierce, rF+ Int+7 Dex+4}
   586 | D        | Entered arena 9.
   586 | D        | Noticed a large abomination
   586 | D        | Noticed a green very ugly thing
   594 | D        | Killed a green very ugly thing
   594 | D        | Received a gift from Okawaru
   594 | D        | Reached skill level 10 in Evocations
   595 | D        | Killed a large abomination
   595 | D        | Reached ****** piety under Okawaru
   597 | D        | Found a transporter.
   612 | D        | Got the Grimoire of Supportive Attacks
   615 | D        | Entered arena 10.
   615 | D        | Noticed a white ugly thing
   615 | D        | Noticed a brown ugly thing
   615 | D        | Noticed a purple ugly thing
   615 | D        | Noticed a shining eye
   615 | D        | Noticed a brown ugly thing
   622 | D        | Noticed a black mamba
   622 | D        | a troll changed into a black mamba
   625 | D        | Killed a white ugly thing
   625 | D        | Killed a brown ugly thing
   625 | D        | Reached XP level 11. HP: 111/111 MP: 15/21
   626 | D        | Killed a brown ugly thing
   628 | D        | Killed a shining eye
   630 | D        | Killed a green ugly thing
   633 | D        | Found a transporter.
   643 | D        | Got the amulet "Panel" {rElec rC+ rN++ Regen+ Int-2}
   645 | D        | Got the ring of the Empire {rF++ Str-4 Stlth+}
   651 | D        | Entered arena 11.
   651 | D        | Noticed a wolf spider
   651 | D        | Noticed a wolf spider
   652 | D        | Found a transporter.
   659 | D        | Killed a wolf spider
   659 | D        | Reached skill level 10 in Shields
   666 | D        | Killed a wolf spider
   709 | D        | Entered arena 12.
   709 | D        | Noticed an iron golem
   723 | D        | Killed an iron golem
   725 | D        | Found a transporter.
   748 | D        | Entered arena 13.
   748 | D        | Noticed a mummy priest
   750 | D        | Noticed a death scarab
   750 | D        | Noticed a greater mummy
   752 | D        | Killed a death scarab
   761 | D        | Found the +6 lightning scales {run, rElec}
   763 | D        | Found a transporter.
   774 | D        | Killed a mummy priest
   774 | D        | Received a gift from Okawaru
   777 | D        | Entered arena 14.
   777 | D        | Noticed a vampire mage
   779 | D        | Noticed a jiangshi
   779 | D        | Noticed a skeletal warrior
   780 | D        | Noticed a lich
   781 | D        | Noticed a ghoul
   787 | D        | Reached skill level 15 in Evocations
   789 | D        | Killed a vampire mage
   800 | D        | Killed a skeletal warrior
   800 | D        | Killed from afar by a lich

Vault maps used:
D:        sprint_v

Skill      XL: |  1  2  3  4  5  6  7  8  9 10 11 |
---------------+----------------------------------+-----
Invocations    | 9 10 11 12 13 14 15 | 15.4
Fighting       | 4 5 7 8 9 10 11 12 | 12.5
Axes           | 4 5 8 9 10 11 13 14 | 14.4
Armour         | 5 6 8 9 10 12 13 14 | 14.5
Shields        | 4 7 9 11 | 11.4
Evocations     | 6 11 15 | 15.6

Action                   |  1- 3 |  4- 6 |  7- 9 | 10-12 || total
-------------------------+-------+-------+-------+-------++-------
Melee: Broad axe         |     3 |    25 |    30 |    64 ||   122
Throw: Javelin           |       |       |     1 |       ||     1
Invok: Finesse           |       |       |       |     2 ||     2
 Abil: Heal Wounds       |       |       |     3 |     9 ||    12
Evoke: Wand              |     1 |     2 |     5 |     7 ||    15
       Lightning rod     |       |       |    11 |    18 ||    29
       Box of beasts     |       |       |       |     2 ||     2
       Phial of floods   |       |       |       |     2 ||     2
       Fan of gales      |       |       |       |     1 ||     1
  Use: Potion            |     1 |     3 |       |     3 ||     7
       Scroll            |       |       |     1 |     3 ||     4
  Eat: Ration            |       |       |       |     1 ||     1
Armor: Plate armour      |       |    17 |    36 |    45 ||    98
Dodge: Dodged            |       |       |     1 |     6 ||     7
Block: Shield            |     4 |    38 |    71 |   135 ||   248

Table legend:
 A = Non-vault XP
 B = Vault XP
 C = Vault XP percentage of total XP
 D = Non-vault monster count
 E = Vault monster count
 F = Vault count percentage of total count
                 A         B        C        D         E       F
            +---------+---------+-------+---------+---------+-------
      Total |     723 |   20429 |  96.6 |       3 |      84 |  96.6
            +---------+---------+-------+---------+---------+-------
          D |     723 |   20429 |  96.6 |       3 |      84 |  96.6
            +---------+---------+-------+---------+---------+-------
